 Seeded DCSS version 0.30.1-3-gfc49f6343a (webtiles) character file.

Game seed: 8049200169454021912 (custom seed)

14 CInkIbrahim the Shield-Bearer (level 2, 24/24 HPs)
             Began as a Formicid Fighter on July 22, 2023.
             Quit the game on level 1 of the Dungeon.
             The game lasted 00:00:25 (106 turns).

CInkIbrahim the Shield-Bearer (Formicid Fighter)     Turns: 106, Time: 00:00:25

Health: 24/24      AC:  6    Str: 20    XL:     2   Next: 60%
Magic:  2/2        EV:  9    Int:  7    God:
Gold:   9          SH:  5    Dex: 13    Spells: 1/1 levels left

rFire   . . .        a - +0 trident
rCold   . . .        c - +0 buckler
rNeg    . . .        b - +0 scale mail
rPois   .            (helmet unavailable)
rElec   .            (no cloak)
rCorr   .            (no gloves)
SInv    +            (no boots)
Will    .....        (no amulet) Stlth
                     (no ring)
HPRegen 0.24/turn    (no ring)
MPRegen 0.08/turn

%: no passive effects
@: no status effects
A: permanent stasis, dig shafts and tunnels, antennae 3, four strong arms
a: Dig, Shaft Self


You were on level 1 of the Dungeon.
You visited 1 branch of the dungeon, and saw 1 of its levels.

You collected 9 gold pieces.

Inventory:

Hand Weapons
 a - a +0 trident (weapon)
Armour
 b - a +0 scale mail (worn)
 c - a +0 buckler (worn)
Potions
 d - a potion of might
 e - 2 potions of cancellation {unknown}


   Skills:
 - Level 3.2 Fighting
 + Level 3.0 Polearms
 - Level 3.2 Armour
 - Level 4.0 Shields


You had one spell level left.
You didn't know any spells.
Your spell library was empty.

Dungeon Overview and Level Annotations

Branches:
Dungeon (1/15)

Altars:


Innate Abilities, Weirdness & Mutations

You cannot be hasted, slowed, berserked, paralysed or teleported.
You can dig through walls and to a lower floor.
You have a pair of large antennae on your head. (SInv)
Your four strong arms can wield two-handed weapons with a shield.


Message History

You start resting.
HP restored.
You start resting.
HP restored.
Found a faded altar of an unknown god.
A ball python, a goblin and an endoplasm come into view.
Found a club.
The ball python hisses angrily.
The goblin shouts!
The endoplasm quivers.
A kobold comes into view. It is wielding a +0 short sword.
The kobold shouts!
You puncture the ball python!
You kill the ball python!
The endoplasm freezes you.
You are frozen.
You hit the endoplasm.
You kill the endoplasm!
You reach to attack!
You completely miss the goblin. You closely miss the goblin.
You block the goblin's attack. The kobold hits you but does no damage.
The goblin misses you.
You puncture the goblin!
You kill the goblin!
The kobold hits you but does no damage.
Your Polearms skill increases to level 3!
You closely miss the kobold. The kobold hits you but does no damage.
The kobold attacks as you move away!
The kobold hits you with a +0 short sword.
You puncture the kobold!
You kill the kobold!
No target in view!
No target in view!
You see here a +0 short sword.
You see here a +0 club.
You enter the shallow water.
Moving in this stuff is going to be slow.
Found a stone staircase leading down.
There is a faded altar of an unknown god here.
This altar belongs to (a) Vehumet, (b) Trog or (c) Kikubaaqudgha, but you can't tell which.
Press the corresponding letter to learn more about a god, or press enter to convert or escape to cancel.
Okay, then.
Are you sure you want to abandon this character and quit the game? (Confirm with "yes".)

.. #. #.# ##.#####.##..
..# .. ##.#.....#...#
...###.##..~.....~..##
#..##...#~.~...~.~#.#
#####..##.#..~.~.~.~..#
.....#..#)#...~.≈.~...#
####.##.#.#...~≈.≈~...#
####.##...#.).~≈@≈~...#
......##..#).~.~≈~.~..#
###.#.#....#~~~~.~~~~#.#
#.........#..~.~..#.#
###.)....#.#.~)~.#...#
....##......##.##...>.
#########..............
###............
##..#.... ..


There were no monsters in sight!

Vanquished Creatures
  A ball python (D:1)
  An endoplasm (D:1)
  A giant cockroach (D:1)
  2 goblins (D:1)
  4 jackals (D:1)
  A kobold (D:1)
  A quokka (D:1)
11 creatures vanquished.

Notes
Turn   | Place    | Note
-------+----------+-------------------------------------------
     0 | D:1      | CInkIbrahim the Formicid Fighter began the quest for the
                  | Orb.
     0 | D:1      | Reached XP level 1. HP: 18/18 MP: 1/1
    56 | D:1      | Reached XP level 2. HP: 17/24 MP: 2/2
    85 | D:1      | Found a faded altar of an unknown god.
   106 | D:1      | Quit the game

Illustrated notes

Levels and vault maps discovered:
D:1:      lightli_arrival_boilingwater, layout_rooms,
          shapermc_ecumenical_altar_starsandcircs

Skill      XL: |  1  2 |
---------------+-------+-----
Polearms       | 3 |  3.0
Fighting       | |  3.2
Armour         | |  3.2
Shields        | |  4.0

Action                     || total
---------------------------++-------
  Melee: Trident           ||    30
 Armour: Scale mail        ||    14
  Dodge: Dodged            ||     9
  Block: Buckler           ||     4
